 Dungeon Crawl Stone Soup version 0.28.0-45-g0d030f2227 (webtiles) character file.

Game seed: 9710655712128508910

1394 Bruhh the Thaumaturge (level 9, -4/60 HPs)
             Began as a Djinni Cinder Acolyte on Apr 24, 2022.
             Was a Believer of Ignis.
             Slain by a gnoll shaman
             ... wielding a +0 club
              (6 damage)
             ... on level 5 of the Dungeon.
             The game lasted 00:11:30 (7105 turns).

Bruhh the Thaumaturge (Djinni Cinder Acolyte)       Turns: 7105, Time: 00:11:31

Health: -4/60      AC:  2    Str: 13    XL:     9   Next: 0%
Gold:   190        EV: 11    Int: 19    God:    Ignis [**....] SH:  0 Dex: 10

rFire   + + +      SeeInvis .   a - -1 falchion (flame)
rCold   x . .      Faith    .   (no shield)
rNeg    . . .      Spirit   .   b - +0 robe
rPois   ∞          Reflect  .   (no helmet)
rElec   .          Harm     .   (no cloak)
rCorr   .          Rampage  .   (no gloves)
Will    .....                   (boots unavailable)
Stlth   +.........              (no amulet)
HPRegen 0.20/turn               (no ring)
MPRegen 0.00/turn               (no ring)

@: rising, flying
A: sickness immunity, fire resistance 2, cold vulnerability 1, float, innate
caster, HP casting, extra vitality 1
a: Renounce Religion, Fiery Armour, Foxfire Swarm


You were on level 5 of the Dungeon.
You worshipped Ignis.
Ignis was pleased with you.
You visited 1 branch of the dungeon, and saw 6 of its levels.
You also visited: Ossuary.

You collected 190 gold pieces.

Inventory:

Hand Weapons
 a - a -1 falchion of flaming (weapon)
 p - a +2 dagger of protection
Missiles
 l - 5 poisoned darts
Armour
 b - a +0 robe (worn)
 j - the +2 ring mail "Kuupnehu" {rF++ rN+++ rCorr Int-5}
   (You found it on level 2 of the Dungeon)

   Int:       It affects your intelligence (-5).
   rF:        It greatly protects you from fire.
   rN:        It renders you almost immune to negative energy.
   rCorr:     It protects you from acid and corrosion.
 t - a +0 buckler
Magical Staves
 C - a staff of conjuration
Jewellery
 u - a ring of ice
 v - a ring of ice
Wands
 r - a wand of paralysis (7)
 F - a wand of polymorph (8)
Scrolls
 d - 2 scrolls of immolation {unknown}
 f - 6 scrolls of amnesia {unknown}
 h - a scroll of noise {unknown}
 m - 2 scrolls of fear {unknown}
 n - a scroll of magic mapping {unknown}
 o - 7 scrolls of identify {unknown}
 y - 3 scrolls of blinking {unknown}
 A - 2 scrolls of teleportation {unknown}
 E - a scroll of torment {unknown}
Potions
 c - a potion of heal wounds {unknown}
 e - 2 potions of flight
 g - a potion of magic {unknown}
 i - a potion of lignification {unknown}
 k - a potion of invisibility {unknown}
 q - 3 potions of attraction {unknown}
 s - a potion of ambrosia {unknown}
 w - 3 potions of might {unknown}
 x - 2 potions of degeneration {unknown}
 z - a potion of curing {unknown}
 B - 2 potions of brilliance {unknown}
 D - a potion of mutation {unknown}


   Skills:
 - Level 3.0 Fighting
 - Level 2.7 Long Blades
 + Level 8.4 Spellcasting


You had 13 spell levels left.
You knew the following spells:

 Your Spells              Type           Power      Damage    Failure   Level
a - Scorch                Fire           78%        2d9       1%          2
b - Magic Dart            Conj           100%       1d8       1%          1
c - Wereblood             Tmut           39%        N/A       1%          2
d - Blink                 Tloc           78%        N/A       1%          2
e - Animate Armour        Summ/Erth      78%        N/A       2%          4
Your spell library was empty.

Dungeon Overview and Level Annotations

Branches:
Dungeon (6/15)            Ossuary (visited)
 Temple: D:4-7

Altars:

Annotations:
D:4 1 runed translucent door, Crazy Yiuf


Innate Abilities, Weirdness & Mutations

You are immune to sickness and miasma.
You are immune to poison.
Your flesh is very heat resistant. (rF++)
You are vulnerable to cold. (rC-)
You float through the air rather than walking.
You learn spells naturally, not from books.
Your magical power is your life essence.
You have superior vitality. (+4 MHP)


Message History

You can't see any susceptible monsters within range! (Use Z to cast anyway.)
The iguana hisses angrily.
There is a stone staircase leading up here.
Casting: Animate Armour (dangerous; 2% risk of failure)
Confirm with . or Enter, or press ? or * to list all spells.
Flames lash the iguana but do no damage.
The iguana bites you!
Flames lash the iguana.
The iguana is moderately wounded.
The iguana's fire resistance burns away.
You hear a shout!
The iguana barely misses you.
Flames lash the iguana.
The iguana is burned terribly!
The iguana is heavily wounded.
You hear a shout!
The iguana completely misses you.
Flames lash the gnoll.
The gnoll is moderately wounded.
The gnoll's fire resistance burns away.
The gnoll shaman hits you with a +0 club.
The gnoll barely misses you. The iguana bites you.
Flames lash the gnoll.
The gnoll is almost dead.
The gnoll's fire resistance burns away.
The gnoll shaman hits you with a +0 club.
The gnoll hits you from afar with a +0 halberd.
The iguana bites you.
You can't go down here!
The gnoll shaman calls upon its god to speed up the gnoll.
The gnoll seems to speed up.
The gnoll hits you from afar with a +0 halberd!
* * * LOW HITPOINT WARNING * * *
The iguana bites you.
* * * LOW HITPOINT WARNING * * *
You fly upwards.
Your summoned ally is left behind.
There is a stone staircase leading down here.
The iguana barely misses you.
You begin to rise into the air.
The gnoll shaman hits you with a +0 club.
You die...

##..........[...#....#####.#
##.....#........#....#####.######
................................#
.......#........#....##.##.####.#
...##..###..##.......##.##.# #.#
...##..####.##..........##.# #.#
................#...)#####.# #.#
.......###...#.##l...# #.# #.#
.............+..@g...# #.# #.#
.#.##....#...#.##....#####.# #.#
.#.##..#####...............# #.#
.......#####.#.##....#####.# #.#
.#.#...##............# #.####.#
...............##....#####......#
...#...##..#................###.#
................................#
.).#.#.....###.#.....#.###..###.#


You could see a gnoll shaman and an iguana (combustible).

Vanquished Creatures
  Grinder (D:4)
  A water moccasin (D:5)
  A sky beast (D:5)
  An ogre (D:4)
  2 centaurs (D:5)
  An elf zombie (Ossuary)
  A scorpion (D:5)
  A gnoll sergeant (D:5)
  2 hounds (D:5)
  A jelly (D:5)
  An orc priest (D:3)
  A bullfrog skeleton (D:5)
  A gnoll shaman (D:4)
  A centaur skeleton (D:4)
  3 iguanas
  A hound zombie (Ossuary)
  5 mummies
  8 gnolls
  5 adders
  A white imp (D:5)
  2 adder skeletons
  2 worms (D:2)
  A dart slug (D:3)
  7 orcs
  7 ball pythons
  2 endoplasms
  A giant cockroach (D:4)
  9 goblins
  5 hobgoblins
  5 jackals
  A quokka (D:2)
  4 bats
  A frilled lizard (D:2)
  3 gnoll zombies (Ossuary)
  4 goblin zombies (Ossuary)
  A hobgoblin zombie (D:4)
  A kobold (D:2)
  2 kobold zombies
  2 orc zombies (Ossuary)
  2 rats
101 creatures vanquished.

Vanquished Creatures (others)
  102 foxfires
  A fungus (D:2)
  2 plants (D:2)
105 creatures vanquished.

Grand Total: 206 creatures vanquished

Notes
Turn   | Place    | Note
-------+----------+-------------------------------------------
     0 | D:1      | Bruhh the Djinni Cinder Acolyte began the quest for the
                  | Orb.
     0 | D:1      | Reached XP level 1. HP: 20/20 MP: 0/0
   219 | D:1      | Reached XP level 2. HP: 12/25 MP: 0/0
   893 | D:2      | Reached skill level 3 in Spellcasting
  1134 | D:2      | Reached XP level 3. HP: 28/30 MP: 0/0
  1134 | D:2      | Learned a level 1 spell: Magic Dart
  1652 | D:2      | Identified the +2 ring mail "Kuupnehu" {rF++ rN+++ rCorr
                  | Int-5}
  1903 | D:2      | Found a faded altar of an unknown god.
  2097 | D:3      | Reached XP level 4. HP: 29/35 MP: 0/0
  2834 | D:3      | Reached skill level 4 in Spellcasting
  2834 | D:3      | Reached XP level 5. HP: 28/40 MP: 0/0
  2834 | D:3      | Learned a level 2 spell: Wereblood
  3194 | D:4      | Noticed an ogre
  3205 | D:4      | Found a sand-covered staircase.
  3218 | Ossuary  | Entered an ossuary
  3229 | Ossuary  | Reached XP level 6. HP: 13/46 MP: 0/0
  3232 | Ossuary  | HP: 1/46 [elf zombie (6)]
  3234 | Ossuary  | Reached skill level 5 in Spellcasting
  3937 | D:4      | Noticed Grinder
  3949 | D:4      | Killed Grinder
  3950 | D:4      | Reached skill level 6 in Spellcasting
  3950 | D:4      | Reached XP level 7. HP: 27/50 MP: 0/0
  3950 | D:4      | Learned a level 2 spell: Blink
  4340 | D:4      | Found a runed translucent door.
  4341 | D:4      | Noticed Crazy Yiuf
  4576 | D:4      | Reached XP level 8. HP: 55/56 MP: 0/0
  4701 | D:5      | Entered Level 5 of the Dungeon
  4721 | D:5      | HP: 1/56 [gnoll sergeant/+1 vorpal spear (5)]
  5374 | D:5      | Reached skill level 7 in Spellcasting
  6362 | D:5      | Reached skill level 8 in Spellcasting
  6984 | D:5      | Reached XP level 9. HP: 51/60 MP: 0/0
  6984 | D:5      | Learned a level 4 spell: Animate Armour
  7102 | D:6      | HP: 2/60 [iguana (4)]
  7105 | D:5      | Slain by a gnoll shaman

Illustrated notes

Levels and vault maps discovered:
D:1:      dpeg_arrival_pond, layout_loops_cross
D:2:      layout_loops_ring, shapermc_ecumenical_altar_petra
D:3:      layout_rooms, kennysheep_boxes
D:4:      layout_basic, nicolae_ossuary_entry_giza, uniq_grinder,
          uniq_crazy_yiuf_cottage
D:5:      layout_basic, kennysheep_generic_room_6
D:6:      layout_rooms, minmay_temple_entry_waves, dk_rats_in_the_wall

Skill      XL: |  1  2  3  4  5  6  7  8 |
---------------+-------------------------+-----
Spellcasting   | 3 4 6 8 |  8.4
Fighting       | |  3.0
Long Blades    | |  2.7

Action                   |  1- 3 |  4- 6 |  7- 9 || total
-------------------------+-------+-------+-------++-------
Melee: Falchion          |    30 |     5 |     5 ||    40
       Punch             |     2 |       |       ||     2
 Cast: Scorch            |    34 |    43 |    74 ||   151
       Animate Armour    |       |       |     2 ||     2
Invok: Foxfire Swarm     |       |     5 |     1 ||     6
       Rising Flame      |       |       |     1 ||     1
  Use: Potion            |       |     1 |       ||     1
Armor: Robe              |    11 |     4 |     2 ||    17
Dodge: Dodged            |    24 |    18 |    25 ||    67
